 Dungeon Crawl Stone Soup version 0.30-a0-799-g109b55a442 (webtiles) character file.

Game seed: 10072913344545830731

169498 dolemite99 the Cruncher (level 17, -1/137 HPs)
             Began as a Demonspawn Gladiator on Feb 20, 2023.
             Was a Believer of Trog.
             Slain by a vault warden
             ... wielding a +3 battleaxe of freezing
              (18 damage)
             ... on level 1 of the Vaults.
             The game lasted 00:52:46 (34992 turns).

dolemite99 the Cruncher (Demonspawn Gladiator)     Turns: 34992, Time: 00:52:47

Health: -1/137     AC: 20    Str: 22    XL:     17   Next: 10%
Magic:  17/17      EV: 16    Int: 10    God:    Trog [**....]
Gold:   734        SH: 17    Dex: 15    Spells: 16/16 levels left

rFire   + + .      SeeInvis .    a - +1 eveningstar (flame)
rCold   x . .      Faith    .    K - +0 tower shield
rNeg    . . .      Spirit   .    m - +6 plate armour {rF+}
rPois   .          Reflect  .    (helmet restricted)
rElec   .          Harm     .    X - +2 cloak
rCorr   .          Rampage  .    (no gloves)
Will    +++..                    f - +2 pair of boots {Stlth+} Stlth
                                 v - amulet of Vitality {RegenMP++ Regen++}
HPRegen 3.02/turn                l - ring of fire
MPRegen 0.95/turn                y - +5 ring of evasion

@: mighty, agile, marked, strong-willed (expiring), corroded, regenerating
(expiring), studying Short Blades
A: antennae 1, molten scales 2, powered by pain 3, spiny 3
}: 1/15 runes: decaying
a: Renounce Religion, Berserk, Trog's Hand


You were on level 1 of the Vaults.
You worshipped Trog.
Trog was pleased with you.
You visited 6 branches of the dungeon, and saw 28 of its levels.

You collected 2709 gold pieces.
You spent 1975 gold pieces at shops.

Inventory:

Hand Weapons
 a - a +1 eveningstar of flaming (weapon)
 n - the +7 falchion of Oruytuot {drain, rC+ rN+ Str-2}
   (You found it on level 2 of the Swamp)

   Str:       It affects your strength (-2).
   rC:        It protects you from cold.
   rN:        It protects you from negative energy.
Missiles
 d - 6 throwing nets (quivered)
 F - 14 poisoned darts
 T - 5 curare-tipped darts
Armour
 f - a +2 pair of boots of stealth (worn)
 m - a +6 plate armour of fire resistance (worn)
 J - a scarf of invisibility
 K - a +0 tower shield (worn)
 M - a +2 chain mail of willpower
 X - a +2 cloak (worn)
Jewellery
 b - an amulet of the acrobat
 c - a +6 ring of intelligence
 g - a ring of see invisible
 l - a ring of fire (left hand)
 q - a +6 ring of dexterity
 v - the amulet of Vitality (around neck) {RegenMP++ Regen++}
   (You acquired it on level 2 of the Lair of Beasts)

   [amulet of magic regeneration]

   It increases your rate of magic regeneration.
   Regen:     It increases your rate of health regeneration.
 y - a +5 ring of evasion (right hand)
Wands
 r - a wand of paralysis (5)
 A - a wand of roots (27)
 I - a wand of flame (56)
 P - a wand of polymorph (5)
Scrolls
 p - 2 scrolls of torment
 B - a scroll of identify {@r1}
 L - a scroll of magic mapping
 Q - 2 scrolls of poison
 V - a scroll of butterflies
Potions
 h - a potion of haste
 k - 5 potions of attraction
 o - 2 potions of might
 w - 2 potions of flight
 x - 4 potions of lignification
 z - 3 potions of ambrosia
 G - 3 potions of magic {unknown}
 O - 3 potions of berserk rage {unknown}
 U - 2 potions of resistance
Miscellaneous
 H - a lightning rod (inert)


   Skills:
 - Level 13.6 Fighting
 + Level 10.1(13.3) Maces & Flails
 - Level 14.0(15.2) Staves
 - Level 7.2 Throwing
 - Level 13.4 Armour
 - Level 2.6 Dodging
 + Level 12.4 Shields
 - Level 7.8 Evocations


You had 16 spell levels left.
You didn't know any spells.
Your spell library contained the following spells:

 Spells                   Type           Power      Damage    Failure   Level
 Sting                    Tmut/Pois      0%         1d3       100%        1
 Poisonous Vapours        Pois/Air       0%         N/A       100%        2
 Olgreb's Toxic Radiance  Pois           0%         N/A       100%        4


Dungeon Overview and Level Annotations

Branches:
Dungeon (15/15)            Temple (0/1) D:5            Lair (5/5) D:10
  Swamp (4/4) Lair:3       Spider (1/4) Lair:3        Slime (0/5) Lair:5
    Orc (2/2) D:9             Elf (0/3) Orc:2        Vaults (1/5) D:13
 Depths (0/4) D:15

Altars:
Fedhas
Hepliaklqana
Kikubaaqudgha
Nemelex Xobeh
Ru
Trog
Uskayaw
Vehumet
Jiyva

Shops:
D:1 [   D:2 [   D:9 !   D:10 *   Orc:2 [[(*

Portals:
Trove: D:13 (give 8 potions of haste)

Annotations:
D:7 exclusion: downstairs
Lair:5 exclusion: 2 oklob plants
Swamp:1 3 runed translucent doors, octoduck's ghost, journeyman DrTm
Vaults:1 Zenata


Innate Abilities, Weirdness & Mutations

You have a pair of small antennae on your head.
You are mostly covered in molten scales. (AC +3)
You are powered by pain.
You are completely covered in sharp spines.


Message History

The vault warden is almost dead.
You block the vault warden's attack.
The ironbound preserver mumbles some strange words.
The ironbound preserver is healed somewhat.
Zenata, Seeker of Sheza comes into view.
She is wielding a +5 triple sword and wearing a +0 leather armour of cold resistance.
You closely miss the vault warden.
The vault warden is almost dead.
You block the vault warden's attack.
The vault sentinel blows a loud note on a signal horn!
You puncture the vault warden! You burn the vault warden.
You kill the vault warden!
Trog accepts your kill.
Trog appreciates your killing of a magic user.
You sock the vault warden! You burn the vault warden.
The vault warden is lightly wounded.
The vault warden hits you with a +3 battleaxe of freezing.
* * * LOW HITPOINT WARNING * * *
The vault warden freezes you.
* * * LOW HITPOINT WARNING * * *
The vault sentinel blows a loud note on a signal horn!
You hit the vault warden but do no damage.
The vault warden is lightly wounded.
You block the vault warden's attack.
You puncture the vault warden! You burn the vault warden.
The vault warden is lightly wounded.
The entropy weaver gestures at you while chanting.
The entropic weave corrodes you!
The vault warden hits you with a +3 battleaxe of freezing!!
* * * LOW HITPOINT WARNING * * *
The vault warden freezes you.
* * * LOW HITPOINT WARNING * * *
Zenata sends weapons flying into battle!
The ironbound convoker gestures at the vault sentinel while chanting.
The vault sentinel seems to grow stronger.
As you read the scroll of fog, it crumbles to dust.
The scroll dissolves into smoke.
You block the vault warden's attack.
You feel the effects of Trog's Hand fading.
The vault warden attacks as you move away!
The vault warden hits you with a +3 battleaxe of freezing!!
You die...

#..##..####..## #....#
#..###..##...#
#....#**** #..#
#......## #....#*,,,
#..# ###..###
#....#*,,, #..# ####
#....#*,,, #..#
#....#*,,, #..#
#....#*,,, #..#
#############....#*,,,
#..#
#..§§@pcYYca#....#****
#..#
#..§§###§Tcccc...#
#..#
#...##.##cpp#B...#
#..#
#..##...##pp#....#####
#..#
#.##.....##.#....#....
#..#
#..........)#....#....
#..#
#.##.....##.'....#....
#..#
#..##.).##..'....#....
#..#
#...##.##...#....'....


You could see a vault warden and a yaktaur.

Vanquished Creatures
  A tentacled monstrosity (Vaults:1)
  A thorn hunter (Swamp:4)
  Kirke (Lair:4)
  3 vault wardens (Vaults:1)
  Louise (D:14)
  Aizul (Swamp:4)
  An orc warlord (Orc:2)
  5 ironbound preservers
  7 very ugly things (Vaults:1)
  An ironbound thunderhulk (Vaults:1)
  A dire elephant (Vaults:1)
  3 bunyips
  4 eleionomae
  An ettin (Orc:1)
  Snorg (D:14)
  2 yaktaur captains (Vaults:1)
  2 fire dragons (Swamp:4)
  A great orb of eyes (Vaults:1)
  A shambling mangrove (Swamp:3)
  16 hydras
  A rakshasa (D:15)
  2 ogre magi
  3 boulder beetles
  6 two-headed ogres
  3 catoblepae (Lair:5)
  An anaconda (shapeshifter) (Vaults:1)
  2 ironbound frosthearts (Vaults:1)
  7 centaur warriors
  2 tengu warriors
  7 alligators
  A deep troll earth mage (Vaults:1)
  An orc high priest (Orc:2)
  Urug (Lair:2)
  8 death yaks
  2 skysharks
  2 fire crabs (Swamp:4)
  3 skeletal warriors (D:15)
  9 deep trolls (Vaults:1)
  4 goliath frogs
  7 swamp dragons
  Lodul (D:14)
  5 wizards
  5 spriggan druids
  An ironbound convoker (Vaults:1)
  An orc knight (Orc:2)
  Pikel (D:7)
  4 bog bodies (Swamp:1)
  4 lindwurms
  A necromancer (D:15)
  3 deep elf pyromancers
  2 orc sorcerers (Orc:2)
  7 ugly things
  2 wolf spiders
  5 manticores
  5 will-o-the-wisps
  6 cyclopes
  10 elephants
  A moth of wrath (Lair:3)
  2 naga magi (D:15)
  2 vault sentinels (Vaults:1)
  5 black mambas
  10 cane toads
  2 centaur zombies (D:15)
  A torpor snail (Lair:3)
  A komodo dragon (shapeshifter) (D:14)
  Maggie (D:7)
  A freezing wraith (D:15)
  4 rime drakes (Lair:5)
  A kobold demonologist (D:10)
  2 efreet (D:14)
  10 komodo dragons
  5 yaktaurs
  2 ice devils (Lair:4)
  2 polar bears
  6 trolls
  A harpy skeleton (D:15)
  A troll (shapeshifter) (D:15)
  11 hornets
  A tarantella (Spider:1)
  15 tyrant leeches
  15 blink frogs
  2 dream sheep (Lair:5)
  2 jumping spiders
  11 slime creatures
  2 centaur simulacra (D:15)
  A culicivora (Spider:1)
  8 spriggans
  4 wyverns
  A fire bat (shapeshifter) (D:10)
  5 basilisks
  28 yaks
  4 steam dragons
  2 wraiths
  A human (shapeshifter) (D:13)
  14 vampire mosquitoes
  A redback (Lair:3)
  4 acid dragons
  12 swamp worms
  20 water moccasins
  2 ice beasts
  2 black bears
  9 swamp drakes
  16 orc warriors
  11 wolves
  11 ogres
  5 boggarts (Vaults:1)
  13 centaurs
  2 lemures (D:7)
  9 bullfrogs
  2 scorpions
  A gnoll sergeant (D:8)
  20 wights
  15 killer bees
  5 jellies
  5 howler monkeys
  3 electric eels (D:8)
  A crimson imp (Orc:2)
  A hound (D:5)
  A lava snake (Swamp:4)
  An iron imp (Orc:2)
  11 orc priests
  A gnoll bouda (D:9)
  10 iguanas
  29 orc wizards
  2 hell rats (Lair:1)
  A killer bee simulacrum (D:8)
  14 gnolls
  4 adders
  6 river rats (Lair:1)
  3 shadow imps
  2 white imps
  An ufetubus (D:5)
  5 worms
  4 dart slugs
  79 orcs
  28 endoplasms
  6 giant cockroaches
  16 goblins
  8 hobgoblins
  12 jackals
  5 quokkas (D:1)
  4 ball pythons
  5 bats
  2 frilled lizards (D:3)
  6 kobolds
  3 rats
815 creatures vanquished.

Vanquished Creatures (collateral kills)
  An orc high priest (Orc:2)
  A yak (Lair:5)
  An orc warrior (Orc:2)
  2 orcs (Orc:2)
5 creatures vanquished.

Vanquished Creatures (others)
  A fire dragon (Swamp:4)
  An ogre mage (Vaults:1)
  A deep elf pyromancer (Orc:2)
  A bloated husk (Swamp:1)
  3 humans (Lair:4)
  A water moccasin (Lair:4)
  3 swamp drakes (Swamp:4)
  3 orcs (Orc:2)
  An endoplasm (D:3)
  17 foxfires
  25 fungi
  20 plants
77 creatures vanquished.

Grand Total: 897 creatures vanquished

Notes
Turn   | Place    | Note
-------+----------+-------------------------------------------
     0 | D:1      | dolemite99 the Demonspawn Gladiator began the quest for the
                  | Orb.
     0 | D:1      | Reached XP level 1. HP: 16/16 MP: 1/1
    42 | D:1      | Reached skill level 3 in Staves
    80 | D:1      | Gained mutation: You are partially covered in sharp spines.
                  | [demonic ancestry]
    80 | D:1      | Reached XP level 2. HP: 22/22 MP: 2/2
   460 | D:1      | Found Kanisil's Antique Armour Emporium.
   781 | D:2      | Found a faded altar of an unknown god.
   799 | D:2      | Gained mutation: You are partially covered in molten
                  | scales. (AC +2) [demonic ancestry]
   799 | D:2      | Reached XP level 3. HP: 10/27 MP: 3/3
   801 | D:2      | Prayed at the altar of an unknown god.
   801 | D:2      | Became a worshipper of Trog the Wrathful
   801 | D:2      | Reached * piety under Trog
   815 | D:2      | Reached skill level 4 in Staves
  1296 | D:2      | Found Bana's Armour Boutique.
  1723 | D:3      | Reached XP level 4. HP: 33/33 MP: 4/4
  1815 | D:3      | Reached ** piety under Trog
  1816 | D:3      | Reached skill level 5 in Staves
  1977 | D:3      | Gained mutation: You sometimes gain a little power by
                  | taking damage. [demonic ancestry]
  1977 | D:3      | Reached XP level 5. HP: 38/38 MP: 3/5
  2252 | D:3      | Found a radiant altar of Vehumet.
  2869 | D:4      | Reached skill level 6 in Staves
  3046 | D:4      | Reached *** piety under Trog
  3290 | D:4      | Reached XP level 6. HP: 44/44 MP: 6/6
  3295 | D:4      | Identified the +0 helmet of Daffodils {Contam rC++ Str-4
                  | Dex+7}
  3450 | D:4      | Identified the +1 dagger of Toeheadu {speed, rPois rN+
                  | Stlth-}
  3626 | D:1      | Bought a slimy chain mail for 152 gold pieces
  3626 | D:1      | Identified the +3 chain mail of Menekh {-Tele rF+ rN++
                  | Dex+3} (You bought it in a shop on level 1 of the Dungeon)
  3765 | D:5      | Entered Level 5 of the Dungeon
  3767 | D:5      | Noticed a water moccasin
  3775 | D:5      | Killed a water moccasin
  3776 | D:5      | Reached skill level 7 in Staves
  4094 | D:5      | Gained mutation: You are mostly covered in sharp spines.
                  | [demonic ancestry]
  4094 | D:5      | Reached XP level 7. HP: 31/50 MP: 3/7
  4192 | D:5      | Reached skill level 8 in Staves
  4407 | D:5      | Found a hazy altar of Hepliaklqana.
  4751 | D:5      | Found a blossoming altar of Fedhas.
  4906 | D:5      | Found a staircase to the Ecumenical Temple.
  5146 | D:6      | Reached skill level 9 in Staves
  5146 | D:6      | Reached XP level 8. HP: 54/56 MP: 6/8
  5824 | D:6      | Found a hide-covered altar of Uskayaw.
  5869 | D:7      | Reached skill level 1 in Armour
  6062 | D:7      | Noticed Pikel
  6098 | D:7      | Killed Pikel
  6099 | D:7      | Reached skill level 5 in Armour
  6130 | D:7      | Gained mutation: You sometimes gain power by taking damage.
                  | [demonic ancestry]
  6130 | D:7      | Reached XP level 9. HP: 49/61 MP: 5/9
  6171 | D:7      | Found a sparkling altar of Nemelex Xobeh.
  6213 | D:7      | Noticed Maggie
  6683 | D:7      | Killed Maggie
  7888 | D:8      | Noticed a polar bear
  7889 | D:8      | Noticed a two-headed ogre
  7965 | D:7      | Killed a polar bear
  8360 | D:8      | Reached skill level 5 in Fighting
  8548 | D:8      | Killed a two-headed ogre
  8549 | D:8      | Gained mutation: You are completely covered in sharp
                  | spines. [demonic ancestry]
  8549 | D:8      | Reached XP level 10. HP: 77/77 MP: 10/10
  9069 | D:8      | Reached skill level 1 in Evocations
  9588 | D:9      | Found an ancient bone altar of Kikubaaqudgha.
  9654 | D:9      | Reached skill level 5 in Evocations
  9977 | D:9      | Reached **** piety under Trog
 10072 | D:9      | Found Udaum's Distillery.
 10288 | D:9      | Found a staircase to the Orcish Mines.
 10344 | D:10     | Entered Level 10 of the Dungeon
 10405 | D:10     | Found a flagged portal.
 10463 | D:10     | Reached XP level 11. HP: 84/84 MP: 11/11
 10505 | D:10     | Found a sacrificial altar of Ru.
 10517 | D:10     | Noticed a two-headed ogre
 10532 | D:10     | Killed a two-headed ogre
 10561 | D:10     | Found Sutwoor's Mayhem Merchandise.
 10563 | D:10     | Noticed a death yak
 10570 | D:10     | Noticed a death yak
 10589 | D:10     | Killed a death yak
 10591 | D:10     | Noticed a death yak
 10689 | D:10     | Reached skill level 5 in Throwing
 10728 | D:10     | Found a staircase to the Lair.
 10956 | Lair:1   | Entered Level 1 of the Lair of Beasts
 12125 | Lair:2   | Noticed a death yak
 12128 | Lair:2   | Noticed a death yak
 12129 | Lair:2   | Noticed a skyshark
 12129 | Lair:2   | Noticed a death yak
 12143 | Lair:1   | Killed a death yak
 12755 | Lair:2   | Reached skill level 10 in Staves
 12824 | Lair:2   | Noticed Urug
 12830 | Lair:2   | Killed Urug
 12860 | Lair:2   | Killed a skyshark
 12947 | Lair:2   | Reached skill level 11 in Staves
 12947 | Lair:2   | Gained mutation: You are mostly covered in molten scales.
                  | (AC +3) [demonic ancestry]
 12947 | Lair:2   | Reached XP level 12. HP: 91/91 MP: 10/12
 13127 | Lair:2   | Killed a death yak
 13130 | Lair:2   | Killed a death yak
 13468 | Lair:2   | Identified a scroll of acquirement
 13468 | Lair:2   | Acquired the amulet of Vitality {RegenMP++ Regen++}
 13468 | Lair:2   | Found the amulet of Vitality {RegenMP++ Regen++}
 13853 | Lair:3   | Noticed a death yak
 13872 | Lair:3   | Reached skill level 12 in Staves
 13875 | Lair:3   | Killed a death yak
 13910 | Lair:3   | Noticed an eight-headed hydra
 13916 | Lair:3   | Noticed a six-headed hydra
 13919 | Lair:3   | Killed an eight-headed hydra
 13936 | Lair:3   | Killed a six-headed hydra
 14221 | Lair:3   | Reached skill level 13 in Staves
 14404 | Lair:3   | Found a hole to the Spider Nest.
 14713 | Lair:3   | Found a staircase to the Swamp.
 14858 | Lair:4   | Noticed Nessos
 14865 | Lair:4   | Nessos changed into Nessos the wolf
 14865 | Lair:4   | Noticed Nessos
 14867 | Lair:4   | Killed Nessos the wolf
 14955 | Lair:4   | Noticed Kirke
 14972 | Lair:4   | Killed Kirke
 15189 | Lair:4   | Reached skill level 14 in Staves
 15589 | Lair:4   | Gained mutation: You have a pair of small antennae on your
                  | head. [demonic ancestry]
 15589 | Lair:4   | Reached XP level 13. HP: 99/99 MP: 13/13
 15755 | Lair:5   | Entered Level 5 of the Lair of Beasts
 16078 | Lair:5   | Reached skill level 10 in Fighting
 17526 | Lair:5   | Found a viscous altar of Jiyva.
 17533 | Lair:5   | Found a staircase to the Slime Pits.
 17942 | D:11     | Reached XP level 14. HP: 118/118 MP: 14/14
 19410 | Orc:1    | Entered Level 1 of the Orcish Mines
 19435 | Orc:1    | Reached skill level 10 in Armour
 19779 | Orc:2    | Entered Level 2 of the Orcish Mines
 19912 | Orc:2    | Found a staircase to the Elven Halls.
 19980 | Orc:2    | Found Xealimil's Assorted Antiques.
 20144 | Orc:2    | Reached ***** piety under Trog
 20848 | Orc:2    | Received a gift from Trog
 21080 | Orc:2    | Found Vuriroeg's Armour Shoppe.
 21316 | Orc:2    | Noticed an orc warlord
 21940 | Orc:2    | Killed an orc warlord
 22106 | Orc:2    | Found Coarph's Antique Armour Emporium.
 22109 | Orc:2    | Found Zopar's Antique Weapon Shoppe.
 22121 | Orc:2    | Bought a pair of embroidered boots for 277 gold pieces
 22242 | Orc:2    | Bought a glowing orange potion for 30 gold pieces
 22242 | Orc:2    | Bought a sedimented sapphire potion for 30 gold pieces
 22560 | D:13     | Noticed an ironbound preserver
 22561 | D:13     | Found a gate to the Vaults.
 22579 | D:13     | Killed an ironbound preserver
 23105 | D:13     | Found a portal to a secret trove of treasure.
 23608 | D:14     | Noticed Lodul
 23621 | D:14     | Killed Lodul
 24199 | D:14     | Noticed Snorg
 24213 | D:14     | Killed Snorg
 24317 | D:14     | Noticed Louise
 24337 | D:14     | Killed Louise
 24440 | D:15     | Entered Level 15 of the Dungeon
 24449 | D:15     | Reached skill level 1 in Maces & Flails
 24629 | D:15     | Gained mutation: You are powered by pain. [demonic
                  | ancestry]
 24629 | D:15     | Reached XP level 15. HP: 124/124 MP: 15/15
 25266 | D:15     | Reached skill level 5 in Maces & Flails
 25683 | D:15     | Found a staircase to the Depths.
 26278 | D:1      | Bought a shiny plate armour for 416 gold pieces
 26282 | D:1      | Bought a glowing chain mail for 120 gold pieces
 26300 | D:1      | Bought a glowing chain mail for 120 gold pieces
 26300 | D:1      | Bought a glowing chain mail for 120 gold pieces
 26567 | Orc:2    | Bought a twisted buckler for 323 gold pieces
 26567 | Orc:2    | Identified the +1 buckler "Zaoclyori" {rElec rC- rCorr
                  | Dex-2} (You bought it in a shop on level 2 of the Orcish
                  | Mines)
 26618 | Orc:2    | Bought a shimmering sling for 162 gold pieces
 26618 | Orc:2    | Identified the +3 sling of Nemelex Xobeh's Envy {drain, rF+
                  | Dex+3} (You bought it in a shop on level 2 of the Orcish
                  | Mines)
 26622 | Orc:2    | Bought an iridescent broad axe for 225 gold pieces
 26622 | Orc:2    | Identified the +5 broad axe of Deflation {heavy, *Corrode
                  | rC- Str+8 SInv} (You bought it in a shop on level 2 of the
                  | Orcish Mines)
 26860 | Swamp:1  | Entered Level 1 of the Swamp
 26872 | Lair:3   | Reached skill level 1 in Shields
 27537 | Swamp:1  | Reached skill level 5 in Shields
 27934 | Swamp:1  | Found a runed translucent gate.
 27934 | Swamp:1  | Found a runed translucent gate.
 27934 | Swamp:1  | Found a runed translucent gate.
 27934 | Swamp:1  | Noticed octoduck's ghost (journeyman DrTm)
 28141 | Swamp:2  | Identified the +7 falchion of Oruytuot {drain, rC+ rN+
                  | Str-2}
 28267 | Swamp:2  | Found an ancient bone altar of Kikubaaqudgha.
 30053 | Swamp:3  | Paralysed by a hornet for 2 turns
 30059 | Swamp:3  | Paralysed by a hornet for 3 turns
 30652 | Swamp:4  | Entered Level 4 of the Swamp
 30652 | Swamp:4  | Noticed Aizul
 30818 | Swamp:4  | Reached XP level 16. HP: 125/131 MP: 16/16
 31707 | Swamp:4  | Reached skill level 10 in Shields
 31732 | Swamp:4  | Killed Aizul
 32436 | Swamp:4  | Noticed a thorn hunter
 32444 | Swamp:4  | Killed a thorn hunter
 32486 | Swamp:4  | Got a decaying rune of Zot
 32921 | Spider:1 | Entered Level 1 of the Spider Nest
 33183 | Vaults:1 | Entered Level 1 of the Vaults
 33976 | Vaults:1 | a catoblepas changed into a storm dragon
 33976 | Vaults:1 | Noticed a storm dragon (glowing shapeshifter)
 33978 | Vaults:1 | a storm dragon changed into a quicksilver ooze
 34014 | Vaults:1 | HP: 4/131 [dire elephant (7)]
 34081 | Vaults:1 | Noticed a tentacled monstrosity
 34101 | Vaults:1 | Killed a tentacled monstrosity
 34641 | Vaults:1 | HP: 2/131 [ironbound frostheart (51)]
 34917 | Vaults:1 | Reached XP level 17. HP: 97/137 MP: 17/17
 34964 | Vaults:1 | Reached skill level 10 in Maces & Flails
 34985 | Vaults:1 | Noticed Zenata
 34992 | Vaults:1 | Slain by a vault warden

Illustrated notes

Levels and vault maps discovered:
D:1:      psy_arrival_statuary, layout_loops_ring, serial_shops, shop
D:2:      layout_rooms, hellmonk_ecumenical_altar_lost_god, serial_shops, shop
D:3:      layout_loops_ring, fiery_altar_vehumet, minmay_diced_spiral
D:4:      minmay_clustersquares, layout_basic
D:5:      layout_basic, fedhas_altar_fruit_tree, lemuel_tele_altar,
          mainiacjoe_overflow_small_starburst, minmay_temple_entry_nine_rooms,
          minmay_manual_mullet
D:6:      layout_basic, nicolae_uskayaw_suspiria
D:7:      layout_basic, nicolae_overflow_crystal_walls, uniq_maggie, uniq_pikel
D:8:      layout_cave_pools, serial_ice, serial_ice_h, serial_ice_l,
          serial_ice_d, serial_ice_n, water_boxes_lemuel
D:9:      layout_loops_ring, kiku_gazebo_pond_becter, david_orc_4, serial_shops,
          kennysheep_mini_moat
D:10:     layout_roguey, nicolae_ru_awakened_eye, dpeg_lair_monsters,
          enter_bailey_5, minmay_shop_mayhem
D:11:     layout_loops_ring
D:12:     layout_big_octagon
D:13:     layout_gridville, skrybe_vaults_entry_preservation,
          nicolae_trove_entry_columns
D:14:     layout_roguey, hangedman_abyss_or_decor_stabs, palyth_stone_intersect,
          grunt_decor_resistance, roderic_roman_lattice, minmay_misc_feat_roman,
          kennysheep_small_circle, uniq_lodul, uniq_snorg, uniq_louise
D:15:     grunt_enter_depths_magical_seal, layout_layer_cave, nicolae_sextant
Lair:1:   layout_small_grid, kennysheep_rathole
Lair:2:   lemuel_slime, layout_chaotic_city, minmay_stone_trees_small,
          beast_lair_carwin_8, uniq_urug
Lair:3:   layout_gridlike, palyth_hydra_swamp_entry,
          spider_nest_entry_funnel_web
Lair:4:   layout_regular_city, portal_ice_cave_demonic_guard,
          kennysheep_catoblepas_arena, uniq_nessos, uniq_kirke
Lair:5:   hangedman_lair_in_review, layout_cave_pods,
          minmay_slime_entry_oklob_open
Swamp:1:  layout_falls_marsh, gammafunk_ghost_necromancy,
          infiniplex_staircase_pool, swamp_pool3
Swamp:2:  layout_basic_swamp, nicolae_swamp_godswood, swamp_pool3
Swamp:3:  layout_basic_swamp, evilmike_swamp_ruin_rubble_1
Swamp:4:  swamp_fiery, layout_basic_swamp, uniq_aizul
Spider:1: layout_spider_delve, nicolae_spider_wall_of_niches, uniq_asterion
Orc:1:    layout_caves, basic_altar
Orc:2:    grunt_orc_community_town_hall, layout_caves,
          grunt_orc_community_big_house_2, grunt_orc_community_big_house_1,
          grunt_orc_community_house_1, grunt_orc_community_house_3,
          grunt_orc_community_house_2, grunt_orc_community_house_1,
          statue_in_the_mist_lemuel, hangedman_minor_magic
Vaults:1: st_octagons_2, vaults_dpeg_spiral, nicolae_vaults_border_crossing,
          vaults_standard_mumra_enter_the_diamond, vaults_dpeg_emergency_exit,
          layout_vaults_omnigrid, uniq_zenata

Skill      XL: |  1  2  3  4  5  6  7  8  9 10 11 12 13 14 15 16 17 |
---------------+----------------------------------------------------+-----
Staves         | 3 4 5 6 7 9 11 14 | 14.0
Armour         | 6 8 13 | 13.4
Fighting       | 6 7 8 13 | 13.6
Evocations     | 7 |  7.8
Throwing       | 2 7 |  7.2
Maces & Flails | 1 6 9 10 | 10.1
Shields        | 9 12 | 12.4
Dodging        | |  2.6

Action                     |  1- 3 |  4- 6 |  7- 9 | 10-12 | 13-15 | 16-18 || total
---------------------------+-------+-------+-------+-------+-------+-------++-------
  Melee: Quarterstaff      |    78 |   132 |   198 |   445 |   705 |       ||  1558
         Eveningstar       |       |       |       |       |   336 |   449 ||   785
  Throw: Dart              |       |       |    16 |    22 |       |       ||    38
         Boomerang         |       |       |       |   152 |   247 |       ||   399
         Javelin           |       |       |       |       |   105 |    10 ||   115
 Invoke: Berserk           |       |     5 |     6 |     6 |    11 |    10 ||    38
         Trog's Hand       |       |     1 |    10 |     8 |    39 |    39 ||    97
         Brothers in Arms  |       |       |       |       |     5 |       ||     5
  Evoke: Wand              |       |       |       |    10 |    16 |    12 ||    38
         Lightning rod     |       |       |       |     6 |    18 |    15 ||    39
    Use: Scroll            |     7 |     4 |     5 |     9 |    21 |    20 ||    66
         Potion            |       |       |       |       |     1 |    28 ||    29
   Stab: Sleeping          |     2 |       |       |       |       |       ||     2
         Confused          |       |       |       |       |     1 |       ||     1
         Paralysed         |       |       |       |       |     1 |       ||     1
         Invisible         |       |       |       |       |       |     2 ||     2
 Armour: Leather armour    |    24 |     2 |       |       |       |       ||    26
         Ring mail         |       |    19 |       |       |       |       ||    19
         Plate armour      |       |    47 |   155 |   263 |   649 |   404 ||  1518
         Swamp dragon scal |       |       |       |       |       |    46 ||    46
  Dodge: Dodged            |    53 |    52 |    73 |   256 |   627 |   383 ||  1444
  Block: Kite shield       |       |       |       |       |   179 |   178 ||   357
         Tower shield      |       |       |       |       |       |   447 ||   447

Table legend: (Time is in decaauts)
 A = Elapsed time spent in this place.
 B = Non-inter-level travel time spent in this place.
 C = Inter-level travel time spent in this place.
 D = Time resting spent in this place.
 E = Time spent auto-exploring this place.
 F = Levels seen in this place.
 G = Mean time per level.
                   A        B        C        D        E       F      G
               +--------+--------+--------+--------+--------+-----+--------+
         Total |  35427 |  32284 |   3143 |   9720 |  14977 |  28 | 1265.2 |
       Dungeon |  17525 |  15616 |   1909 |   3542 |   8817 |  15 | 1168.3 |
          Lair |   7563 |   6797 |    766 |   2189 |   3260 |   5 | 1512.6 |
         Swamp |   5863 |   5674 |    189 |   2677 |   1522 |   4 | 1465.8 |
   Spider Nest |      7 |      7 |      0 |      0 |      0 |   1 |    7.0 |
  Orcish Mines |   3030 |   2754 |    276 |    846 |   1119 |   2 | 1515.0 |
        Vaults |   1435 |   1433 |      2 |    464 |    258 |   1 | 1435.0 |
               +--------+--------+--------+--------+--------+-----+--------+

Top non-repeatable levels by time:
   Orc:2: 2643 daAuts
     D:7: 2181 daAuts
 Swamp:3: 1874 daAuts
  Lair:3: 1812 daAuts
  Lair:5: 1647 daAuts
 Swamp:2: 1642 daAuts
 Swamp:4: 1603 daAuts
  Lair:2: 1552 daAuts
    D:15: 1497 daAuts
  Lair:1: 1468 daAuts
Vaults:1: 1435 daAuts
     D:5: 1344 daAuts
     D:9: 1333 daAuts
     D:8: 1306 daAuts
    D:14: 1218 daAuts
